Map: Newkirk Precinct TE (Void)

Players

ArT - Winner!

  • Race: Protoss Protoss
  • Spawn Location: 7:00

HaPe

  • Race: Protoss Protoss
  • Spawn Location: 5:00

Event: IEM XI Katowice - World Championship 2017

VOD

Have the link to the VOD?

Description

Time

  • Played on: Feb. 28, 2017, 10:26 a.m.
  • Length: 9:57

All games in this series

Show
View Real Time Build Order
Export as new Build Order

ArT Protoss - Winner!

Build Orders:  

Get SALT Encoding   

  12  0:01  Probe (Chrono Boost)  
  13  0:11  Probe (Chrono Boost)  
  14  0:18  Pylon  
  14  0:22  Probe (Chrono Boost)  
  15  0:36  Probe (Chrono Boost)  
  15  0:37  Gateway  
  15  0:42  Assimilator  
  16  0:47  Probe (Chrono Boost)  
  17  0:54  Assimilator  
  17  0:57  Probe (Chrono Boost)  
  18  1:06  Gateway  
  18  1:10  Probe (Chrono Boost)  
  19  1:21  Probe (Chrono Boost)  
  20  1:25  Cybernetics Core  
  20  1:31  Probe (Chrono Boost)  
  21  1:37  Pylon  
  21  1:42  Probe (Chrono Boost)  
  22  1:52  Probe (Chrono Boost)  
  23  1:54  Warp Gate  
  23  2:01  Adept  
  23  2:02  Adept  
  23  2:04  Mothership Core (Chrono Boost)  
  29  2:14  Pylon  
  29  2:24  Probe (Chrono Boost)  
  30  2:32  Stalker  
  30  2:33  Stalker  
  35  2:38  Probe (Chrono Boost)  
  35  3:03  Nexus  
  31  3:14  Sentry x2  
  31  3:15  Pylon  
  35  3:27  Robotics Facility  
  35  3:37  Probe (Chrono Boost)  
  36  3:46  Twilight Council  
  37  3:48  Probe (Chrono Boost)  
  37  3:59  Stalker x2  
  41  4:07  Probe (Chrono Boost)  
  42  4:10  Immortal  
  46  4:21  Probe x2 (Chrono Boost)  
  46  4:23  Blink  
  49  4:31  Probe (Chrono Boost)  
  49  4:33  Probe (Chrono Boost)  
  50  4:43  Probe (Chrono Boost)  
  50  4:45  Probe (Chrono Boost)  
  52  4:46  Pylon  
  52  4:47  Observer  
  53  4:56  Probe (Chrono Boost)  
  53  4:57  Probe (Chrono Boost)  
  55  5:04  Pylon  
  56  5:08  Observer, Probe (Chrono Boost)  
  56  5:09  Probe (Chrono Boost)  
  58  5:19  Gateway x2  
  58  5:20  Probe (Chrono Boost)  
  60  5:22  Probe (Chrono Boost)  
  60  5:25  Assimilator  
  60  5:26  Assimilator  
  60  5:28  Warp Prism  
  60  5:32  Probe (Chrono Boost)  
  63  5:37  Sentry  
  63  5:39  Probe (Chrono Boost), Sentry  
  68  5:44  Pylon  
  68  5:45  Probe (Chrono Boost)  
  70  5:51  Probe (Chrono Boost)  
  70  5:53  Pylon  
  71  5:57  Probe (Chrono Boost)  
  71  6:03  Probe (Chrono Boost)  
  72  6:08  Stalker x2  
  76  6:14  Gateway  
  76  6:15  Gateway  
  76  6:20  Resonating Glaives, Stalker  
  76  6:21  Stalker  
  80  6:38  Nexus  
  80  6:45  Pylon  
  80  6:57  Stalker x3  
  80  6:59  Stalker  
  88  7:02  Pylon  
  88  7:06  Probe x2 (Chrono Boost)  
  90  7:17  Robotics Bay, Probe (Chrono Boost)  
  86  7:23  Stalker x2  
  86  7:29  Probe (Chrono Boost)  
  91  7:37  Probe (Chrono Boost)  
  91  7:39  Stalker x2  
  96  7:48  Probe (Chrono Boost)  
  97  7:54  Probe (Chrono Boost)  
  97  7:55  Probe (Chrono Boost)  
  97  7:57  Forge  
  99  8:01  Stalker x2  
  101  8:07  Disruptor  
  104  8:14  Stalker x2  
  108  8:20  Probe x2 (Chrono Boost)  
  108  8:21  Probe (Chrono Boost)  
  111  8:32  Stalker  
  111  8:33  Stalker x2  
  111  8:38  Stalker  
  113  8:50  Stalker x2  
  113  8:51  Disruptor  
  113  8:52  Probe (Chrono Boost)  
  113  8:53  Probe x2 (Chrono Boost)  
  116  9:02  Pylon  
  119  9:06  Assimilator  
  119  9:09  Stalker x2  
  123  9:15  Stalker x2  
  123  9:21  Stalker x2  
  125  9:28  Pylon  
  125  9:33  Assimilator  
  126  9:42  Stalker x3  
  132  9:46  Pylon  
  132  9:49  Pylon  
  128  9:53  Stalker x2  
Show
View Real Time Build Order
Export as new Build Order

HaPe Protoss 

Build Orders:  

Get SALT Encoding   

  12  0:00  Probe (Chrono Boost)  
  13  0:13  Probe (Chrono Boost)  
  14  0:18  Pylon  
  14  0:24  Probe (Chrono Boost)  
  15  0:38  Gateway, Probe (Chrono Boost)  
  16  0:43  Assimilator  
  16  0:48  Probe (Chrono Boost)  
  17  0:54  Assimilator  
  18  1:04  Probe (Chrono Boost)  
  18  1:12  Gateway  
  18  1:15  Probe (Chrono Boost)  
  19  1:25  Cybernetics Core  
  19  1:27  Probe (Chrono Boost)  
  20  1:38  Pylon, Probe (Chrono Boost)  
  21  1:49  Probe (Chrono Boost)  
  22  2:01  Stalker x2  
  22  2:02  Warp Gate  
  26  2:18  Mothership Core (Chrono Boost)  
  28  2:30  Pylon  
  28  2:36  Stalker  
  30  2:48  Probe (Chrono Boost)  
  30  2:49  Stalker  
  33  2:59  Probe (Chrono Boost)  
  33  3:23  Nexus, Probe (Chrono Boost)  
  34  3:31  Pylon  
  33  3:40  Robotics Facility  
  33  3:45  Probe (Chrono Boost)  
  34  3:57  Probe (Chrono Boost)  
  36  4:11  Probe (Chrono Boost)  
  36  4:16  Twilight Council  
  36  4:17  Gateway  
  36  4:23  Stalker  
  38  4:27  Pylon  
  38  4:30  Observer  
  38  4:36  Probe (Chrono Boost)  
  40  4:38  Probe (Chrono Boost)  
  41  4:50  Probe (Chrono Boost)  
  42  4:56  Warp Prism  
  42  4:57  Robotics Bay  
  43  5:05  Probe (Chrono Boost)  
  45  5:09  Probe (Chrono Boost)  
  45  5:11  Blink  
  46  5:18  Adept  
  48  5:28  Probe (Chrono Boost)  
  49  5:31  Probe (Chrono Boost)  
  49  5:33  Assimilator  
  50  5:39  Adept, Sentry  
  50  5:40  Disruptor, Probe (Chrono Boost)  
  50  5:41  Probe (Chrono Boost)  
  60  5:57  Probe (Chrono Boost)  
  60  6:01  Probe (Chrono Boost)  
  60  6:02  Pylon  
  60  6:03  Gravitic Drive  
  61  6:08  Probe (Chrono Boost)  
  62  6:12  Probe (Chrono Boost)  
  62  6:13  Assimilator  
  63  6:19  Observer, Probe (Chrono Boost)  
  63  6:24  Stalker  
  63  6:25  Stalker  
  69  6:28  Probe (Chrono Boost)  
  69  6:32  Probe (Chrono Boost)  
  71  6:35  Disruptor  
  71  6:36  Gateway  
  71  6:42  Probe (Chrono Boost)  
  74  6:49  Probe (Chrono Boost)  
  75  7:00  Nexus  
  75  7:01  Pylon  
  74  7:16  Stalker x2  
  76  7:40  Stalker  
  78  7:45  Pylon  
  78  7:46  Pylon  
  78  7:58  Disruptor  
  78  8:00  Gateway  
  78  8:01  Gateway  
  78  8:02  Gateway  
  78  8:04  Probe (Chrono Boost)  
  82  8:09  Robotics Facility  
  82  8:17  Pylon  
  82  8:18  Stalker x2  
  82  8:19  Stalker x2  
  89  8:29  Disruptor  
  74  9:00  Disruptor x2, Gateway  
  77  9:03  Stalker x3  
  77  9:04  Stalker  
  77  9:09  Pylon  
  88  9:16  Nexus  
  83  9:19  Stalker x3  
  87  9:30  Adept x2  
  91  9:31  Pylon  
  83  9:45  Probe (Chrono Boost)  

Tags
 
Add a new tag
Caveats
  • Supply blocks, unpowered buildings, or Contaminate may cause inaccurate times.
  • Supply counts are checked every 10 seconds.